 Dungeon Crawl Stone Soup version 0.24-a0-809-g71cb82dfb8 (webtiles) character file.

Game seed: 1574144089278314373, levelgen mode: deterministic

127 Peloso the Covered (level 4, 0/40 HPs)
             Began as a Minotaur Fighter on Oct 11, 2019.
             Slain by a shadow imp (4 damage)
             ... summoned by Natasha
             ... on level 3 of the Dungeon.
             The game lasted 00:03:40 (1916 turns).

Peloso the Covered (Minotaur Fighter)               Turns: 1916, Time: 00:03:41

Health: 0/40       AC:  7    Str: 20    XL:     4   Next: 85%
Magic:  3/3        EV:  7    Int:  5    God:
Gold:   79         SH:  9    Dex: 11    Spells: 3/3 levels left

rFire    . . .     SeeInvis .   a - +0 long sword
rCold    . . .     Gourm    .   c - +0 shield
rNeg     . . .     Faith    .   b - +0 scale mail
rPois    .         Spirit   .   (helmet restricted)
rElec    .         Reflect  .   (no cloak)
rCorr    .         Harm     .   (no gloves)
MR       .....                  (no boots)
Stlth    ..........             p - amulet of rage
HPRegen  0.13/turn              (no ring)
MPRegen  0.08/turn              (no ring)

@: slowed, very slow
A: retaliatory headbutt, horns 2
a: Evoke Berserk Rage


You were on level 3 of the Dungeon.
You were hungry.

You visited 1 branch of the dungeon, and saw 3 of its levels.

You collected 79 gold pieces.

Inventory:

Hand Weapons
 a - a +0 long sword (weapon)
Armour
 b - a +0 scale mail (worn)
 c - a +0 shield (worn)
Jewellery
 l - a cursed -2 ring of intelligence {unknown}
 p - an amulet of rage (around neck)
Scrolls
 e - 2 scrolls of identify
 g - 2 scrolls of fear
 i - a scroll of magic mapping
 k - 2 scrolls of fog
 m - a scroll of teleportation
 n - a scroll of remove curse
Potions
 d - a potion of might
 h - a potion of resistance
 j - 2 potions of curing
Comestibles
 f - 3 rations
 o - a chunk of flesh


   Skills:
 + Level 4.0 Fighting
 + Level 3.6 Long Blades
 + Level 4.8 Armour
 + Level 0.6 Dodging
 + Level 4.8 Shields


You had 3 spell levels left.
You didn't know any spells.
Your spell library was empty.

Dungeon Overview and Level Annotations

Branches:
Dungeon (3/15)

Altars:

Annotations:
D:3 1 runed translucent door, Natasha; Tagedieb's ghost, weakling SpEn


Innate Abilities, Weirdness & Mutations

You reflexively headbutt those who attack you in melee.
You have a pair of horns on your head.


Message History

Natasha casts a spell at you.
You feel yourself slow down. The shadow imp gestures at you.
Pain shoots through your body!
You closely miss Natasha. You headbutt Natasha.
Natasha is moderately wounded.
Natasha completely misses you. The crimson imp hits you.
You block the shadow imp's attack. You block Natasha's attack.
The crimson imp hits you.
The shadow imp shouts, "Scamper hence, thou twisted base-court clack-dish!"
The shadow imp hits you.
* * * LOW HITPOINT WARNING * * *
You are feeling hungry.
You completely miss Natasha.
Natasha is moderately wounded.
Natasha casts a spell at you. The magic dart hits you!
* * * LOW HITPOINT WARNING * * *
You block the crimson imp's attack. The shadow imp hits you.
You die...

.....##....##.# ##... . ..
#...........####... . #.
###......#..>...#.# .
..####...............#.# ..
....#..#.....##........ ...
......##.....##......## ....
.##...##.....##.......# ....
#.#.##....#..h....†.#..#...
.##...##......#5@....†.......
.#.)........###.5....###.##>.
.....................# .#.
.............#.......# ...#
...........#.#.......####....
##......#....((......÷..(.# #
......#.##.#..#..........##
...........#..#.(........##
..........................##


You could see Natasha, a crimson imp and a shadow imp.

Vanquished Creatures
  Natasha (D:3)
  3 adders
  4 leopard geckos
  4 orcs (D:3)
  5 bats
  3 giant cockroaches
  8 goblins
  6 hobgoblins
  12 jackals (D:1)
  5 kobolds
  3 quokkas (D:2)
  3 frilled lizards
  A rat (D:1)
58 creatures vanquished.

Notes
Turn   | Place    | Note
-------+----------+-------------------------------------------
     0 | D:1      | Peloso the Minotaur Fighter began the quest for the Orb.
     0 | D:1      | Reached XP level 1. HP: 19/19 MP: 0/0
     3 | D:1      | Noticed an electric eel
     3 | D:1      | Noticed an electric eel
    66 | D:1      | Reached XP level 2. HP: 27/27 MP: 1/1
   222 | D:1      | Reached XP level 3. HP: 30/33 MP: 2/2
  1074 | D:2      | Reached XP level 4. HP: 40/40 MP: 3/3
  1278 | D:3      | Found a runed translucent door.
  1292 | D:3      | Noticed a bullfrog
  1293 | D:3      | Noticed Tagedieb's ghost (weakling SpEn)
  1738 | D:3      | Noticed Natasha
  1747 | D:3      | Killed Natasha
  1908 | D:3      | Noticed Natasha
  1916 | D:3      | Slain by a shadow imp

Levels and vault maps discovered:
D:1:      arrival_aquarium_b, layout_basic, serial_bayou_pond_e
D:2:      layout_loops_ring
D:3:      layout_rooms, ebering_ghost_sewer_d, uniq_natasha

Skill      XL: |  1  2  3  4 |
---------------+-------------+-----
Shields        | 4 |  4.8
Armour         | 4 |  4.8
Long Blades    | 3 |  3.6
Fighting       | 4 |  4.0
Dodging        | |  0.6

Action                   |  1- 3 |  4- 6 || total
-------------------------+-------+-------++-------
Melee: Long sword        |    98 |    46 ||   144
       Headbutt          |    16 |     7 ||    23
  Use: Scroll            |     7 |       ||     7
       Potion            |     4 |       ||     4
  Eat: Chunk             |       |     3 ||     3
Armor: Scale mail        |    60 |    35 ||    95
Dodge: Dodged            |    42 |    22 ||    64
Block: Shield            |    67 |    44 ||   111
       Rpst.: Long sword |    17 |     5 ||    22

Table legend:
 A = Non-vault XP
 B = Vault XP
 C = Vault XP percentage of total XP
 D = Non-vault monster count
 E = Vault monster count
 F = Vault count percentage of total count
                 A         B        C        D         E       F
            +---------+---------+-------+---------+---------+-------
      Total |     146 |      36 |  19.8 |      57 |       1 |   1.7
            +---------+---------+-------+---------+---------+-------
        D:1 |      56 |       0 |   0.0 |      28 |       0 |   0.0
        D:2 |      46 |       0 |   0.0 |      14 |       0 |   0.0
        D:3 |      44 |      36 |  45.0 |      15 |       1 |   6.2
            +---------+---------+-------+---------+---------+-------
